 Dungeon Sprint DCSS version 0.29.1-14-g9c671dbff4 (webtiles) character file.

Game seed: 15963185359859316847

1045 Groucho the Unseen (level 8, -7/36 HPs)
             Began as a Spriggan Enchanter on Feb 12, 2023.
             Mangled by Menkaure (19 damage)
             ... in the Dungeon (Sprint II: "The Violet Keep of Menkaure").
             The game lasted 00:01:55 (196 turns).

Groucho the Unseen (Spriggan Enchanter)              Turns: 196, Time: 00:01:55

Health: -7/36      AC:  2    Str:  6    XL:     8   Next: 4%
Magic:  19/22      EV: 17    Int: 16    God:
Gold:   972        SH:  0    Dex: 16    Spells: 21/26 levels left

rFire   . . .      SeeInvis +   a - +1 dagger
rCold   . . .      Faith    .   (no shield)
rNeg    . . .      Spirit   .   b - +0 robe
rPois   .          Reflect  .   (helmet restricted)
rElec   .          Harm     .   (no cloak)
rCorr   .          Rampage  .   (gloves unavailable)
Will    +....      NoTele   +   (boots unavailable)
Stlth   +++++++...              (no amulet)
HPRegen 0.12/turn               (no ring)
MPRegen 0.18/turn               (no ring)

@: very quick
A: very small, no large weapons, unfitting armour, see invisible, speed 3
a: no special abilities


You were in the Dungeon.
You visited 1 branch You collected 972 gold pieces.

Inventory:

Hand Weapons
 a - a +1 dagger (weapon)
Armour
 b - a +0 robe (worn)
Scrolls
 i - a scroll of blinking
Potions
 c - a potion of invisibility
 d - a potion of curing
 g - 2 potions of magic
 h - a potion of berserk rage


   Skills:
 + Level 8.7 Short Blades
 - Level 2.6 Dodging
 * Level 17.3 Stealth
 + Level 9.9 Spellcasting
 + Level 10.2 Hexes


You had 21 spell levels left.
You knew the following spells:

 Your Spells              Type           Power      Damage    Failure   Level
a - Ensorcelled Hibernat  Hex/Ice        48%        N/A       1%          2
b - Confusing Touch       Hex            40%        N/A       1%          3

Your spell library contained the following spells:

 Spells                   Type           Power      Damage    Failure   Level
 Tukima's Dance           Hex            40%        N/A       1%          3
 Dazzling Flash           Conj/Hex       48%        N/A       3%          3


Dungeon Overview and Level Annotations

Branches:
Dungeon (1/1)

Altars:

Shops:
D =!([=[[:=!

Annotations:
D Menkaure


Innate Abilities, Weirdness & Mutations

You are very small and have problems with some larger weapons.
You are too small for most types of armour.
You have supernaturally acute eyesight. (SInv)
You cover ground extremely quickly. (Speed+++)


Message History

You enter the shallow water.
Moving in this stuff is going to be slow.
Menkaure, Prince of Dust comes into view.
Found 81 gold pieces.
Found Lexikoec's Jewellery Shoppe and Jimnexyod's Distillery.
Unknown command.
You open the door.
The flying skull gives a hideous shriek!
You hear a hideous shriek! x2
A flying skull comes into view.
The flying skull gives a hideous shriek!
There is an open door here.
As you close the door, it creaks loudly!
You start resting.
Magic restored.
You start resting.
Menkaure, Prince of Dust opens the door.
Menkaure is nearby!
Casting: Ensorcelled Hibernation (safe; 1% risk of failure)
Confirm with . or Enter, or press ? or * to list all spells.
Okay, then.
Unknown command.
Unknown command.
Menkaure shouts!
There is an open door here.
You closely miss Menkaure.
Menkaure mumbles in an indecipherable tongue.
Menkaure hits you.
Casting: Ensorcelled Hibernation (safe; 1% risk of failure)
Confirm with . or Enter, or press ? or * to list all spells.
Your hands begin to glow red.
Menkaure hits you.
You are too injured to fight recklessly!
You are too injured to fight recklessly!
You are too injured to fight recklessly!
You are too injured to fight recklessly!
You barely miss Menkaure. You hit Menkaure but do no damage.
Menkaure appears confused.
Menkaure hits you!!
Ouch! That really hurt!
You die...

########~~#zM'#
#######~~~....3
......#~~~zz##+##
..⌠...#~~~z####.##
.∩.∩..#~~~~#..##.#
..∩.∩.#~~####...####
.∩.∩.∩#~##.###'###†#
∩...∩.#M#.#.##.##.###
.....∩'~@###'.<.'##.+
......#~#.#.##.##.†.#
▓▓▓▓###~##.###†###†##
Y######~~####...####
$ ##~ #†.#..# +
##.#.## ##+##


You could see Menkaure (confused).

Vanquished Creatures
  2 wyverns (D)
  4 neqoxecs (D)
  4 necrophages (D)
  3 worms (D)
13 creatures vanquished.

Notes
Turn   | Place    | Note
-------+----------+-------------------------------------------
     0 | D        | Groucho the Spriggan Enchanter began the quest for the Orb.
     0 | D        | Reached XP level 1. HP: 9/9 MP: 5/5
     3 | D        | Noticed a neqoxec
     3 | D        | Noticed a neqoxec
     3 | D        | Noticed a neqoxec
     3 | D        | Noticed a neqoxec
    11 | D        | Reached skill level 5 in Stealth
    15 | D        | Reached skill level 6 in Stealth
    15 | D        | Reached XP level 2. HP: 13/13 MP: 5/7
    23 | D        | Noticed a necrophage
    23 | D        | Noticed a necrophage
    23 | D        | Noticed a necrophage
    23 | D        | Noticed a necrophage
    29 | D        | Killed a necrophage
    30 | D        | Reached skill level 9 in Stealth
    30 | D        | Reached skill level 5 in Spellcasting
    30 | D        | Reached skill level 5 in Hexes
    30 | D        | Reached XP level 3. HP: 2/16 MP: 5/10
    30 | D        | Reached XP level 4. HP: 2/21 MP: 6/12
    33 | D        | Killed a necrophage
    34 | D        | Reached skill level 10 in Stealth
    37 | D        | Killed a necrophage
    38 | D        | Reached skill level 5 in Short Blades
    38 | D        | Reached skill level 11 in Stealth
    38 | D        | Reached XP level 5. HP: 11/24 MP: 8/15
    45 | D        | Reached skill level 12 in Stealth
    54 | D        | Killed a neqoxec
    55 | D        | Reached skill level 14 in Stealth
    55 | D        | Reached XP level 6. HP: 8/28 MP: 9/17
    56 | D        | Killed a neqoxec
    58 | D        | Killed a neqoxec
    59 | D        | Reached skill level 15 in Stealth
    59 | D        | Reached XP level 7. HP: 9/32 MP: 10/20
    63 | D        | Noticed a flying skull
    63 | D        | Noticed a flying skull
    63 | D        | Noticed a flying skull
    64 | D        | Noticed a flying skull
    64 | D        | Noticed a flying skull
    64 | D        | Noticed a flying skull
    71 | D        | Noticed a wyvern
    71 | D        | Noticed a wyvern
    74 | D        | Killed a wyvern
    75 | D        | Reached skill level 16 in Stealth
    77 | D        | Killed a wyvern
    78 | D        | Reached skill level 10 in Hexes
    97 | D        | Learned a level 2 spell: Ensorcelled Hibernation
   102 | D        | Killed a neqoxec
   103 | D        | Reached skill level 17 in Stealth
   103 | D        | Reached XP level 8. HP: 11/36 MP: 12/22
   113 | D        | Learned a level 3 spell: Confusing Touch
   114 | D        | Found Hilate's Book Shoppe.
   114 | D        | Found Duuruf's Jewellery Shoppe.
   114 | D        | Found Duetein's Antique Armour Emporium.
   114 | D        | Found Juprizax's Armour Emporium.
   114 | D        | Found Beb Xip's Antique Armour Shoppe.
   114 | D        | Found Loshoapp's Jewellery Shoppe.
   115 | D        | Found Doezom's Antique Weapon Shoppe.
   115 | D        | Found Ibuague's Distillery.
   116 | D        | Found Lexikoec's Jewellery Shoppe.
   116 | D        | Found Jimnexyod's Distillery.
   116 | D        | Noticed Menkaure
   118 | D        | Noticed a flying skull
   196 | D        | Mangled by Menkaure

Illustrated notes

Levels and vault maps discovered:
D:        the_violet_keep_of_menkaure [sprint2_stairs_cluster_1,
          sprint2_shoproom, sprint2_temple, sprint2_basic_supplies,
          sprint2_obstacle_3, sprint2_obstacle_7, sprint2_obstacle_1,
          sprint2_obstacle_5, sprint2_obstacle_4, sprint2_timed_cluster_1,
          sprint2_smallroom_cluster_1, sprint2_smallroom_final_cluster_1,
          sprint2_transparent_cluster_1, sprint2_second_timed_cluster_1,
          sprint2_sniper_area_1, sprint2_heavy_combat_area_1,
          sprint2_mutation_trap_area_1, sprint2_forest_area_1,
          sprint2_light_combat_area_1, sprint2_behind_water_1,
          sprint2_near_end_vault_1]

Skill      XL: |  1  2  3  4  5  6  7 |
---------------+----------------------+-----
Stealth        | 6 9 11 14 15 17 | 17.3
Spellcasting   | 3 5 6 7 8 9 |  9.9
Hexes          | 4 5 7 8 9 10 | 10.2
Short Blades   | 2 3 5 6 7 8 |  8.7
Dodging        | |  2.6

Action                   |  1- 3 |  4- 6 |  7- 9 || total
-------------------------+-------+-------+-------++-------
Melee: Dagger            |     8 |    17 |     6 ||    31
 Cast: Ensorcelled Hiber |       |       |     2 ||     2
       Confusing Touch   |       |       |     1 ||     1
  Use: Potion            |     2 |     1 |       ||     3
 Stab: Sleeping          |     4 |     3 |     3 ||    10
       Invisible         |       |     4 |       ||     4
Armor: Robe              |       |     1 |       ||     1
Dodge: Dodged            |     3 |     9 |       ||    12
